 Dungeon Crawl Stone Soup version 0.18-a0-1788-g92de1ac (webtiles) character file.

735 namelastname112 the Insei (level 7, 52/52 HPs)
             Began as a Green Draconian Transmuter on Apr 19, 2016.
             Quit the game on level 2 of the Dungeon.
             The game lasted 00:06:40 (3780 turns).

namelastname112 the Insei (DrTm)                    Turns: 3780, Time: 00:06:41

Health: 52/52      AC:  6    Str: 13    XL:     7   Next: 45%
Magic:  10/10      EV: 12    Int: 13    God:
Gold:   53         SH:  0    Dex: 13    Spells: 3 memorised, 4 levels left

rFire  . . .     SeeInvis .       - Unarmed
rCold  . . .     Gourm    .     (armour unavailable)
rNeg   . . .     Faith    .     (no shield)
rPois  +         Spirit   .     (helmet restricted)
rElec  .         Dismiss  .     (no cloak)
rCorr  .         Reflect  .     (no gloves)
SustAt .         Harm     .     (no boots)
MR     .....                    u - amulet of rage
Stlth  +.........               (no ring)
                                (no ring)

@: not resistant to hostile enchantments, very unstealthy
A: breathe noxious fumes, unfitting armour, poison resistance, cold-blooded, AC
+6
a: Breathe Noxious Fumes, Evoke Berserk Rage


You were on level 2 of the Dungeon.
You were not hungry.

You visited 1 branch of the dungeon, and saw 4 of its levels.
You also visited: Ossuary.

You collected 53 gold pieces.

Inventory:

Missiles
 a - 12 arrows
Jewellery
 i - an uncursed amulet of magic regeneration
 o - a +3 amulet of reflection
 u - an amulet of rage (around neck)
Scrolls
 c - a scroll of fear {unknown}
 d - 6 scrolls of identify {unknown}
 e - 5 scrolls of remove curse {unknown}
 g - a scroll of immolation {unknown}
 h - a scroll of recharging {unknown}
 k - a scroll of fog {unknown}
 m - 2 scrolls of teleportation {unknown}
 n - a scroll of noise {unknown}
 v - a scroll of magic mapping {unknown}
Potions
 f - a potion of curing
 j - a potion of lignification
 l - a potion of brilliance {unknown}
 p - a potion of cure mutation {unknown}
Books
 b - a book of Changes

   Spells                             Type                      Level
   a - Beastly Appendage              Transmutation                1
   b - Sticks to Snakes               Transmutation                2
   c - Spider Form                    Transmutation/Poison         3
   d - Ice Form                       Ice/Transmutation            4
   e - Blade Hands                    Transmutation                5
Comestibles
 q - 2 bread rations
 r - a beef jerky
 s - a slice of pizza
 t - 2 fruits


   Skills:
 - Level 1.1 Fighting
 - Level 1.7 Dodging
 * Level 7.6 Unarmed Combat
 - Level 2.0 Spellcasting
 + Level 4.8 Transmutations


You had 4 spell levels left.
You knew the following spells:

 Your Spells              Type           Power        Failure   Level  Hunger
a - Beastly Appendage     Trmt           ##....       4%          1    ##.....
c - Sticks to Snakes      Trmt           ##......     8%          2    ###....
x - Spider Form           Trmt/Pois      #.........   34%         3    ####...


Dungeon Overview and Level Annotations

Branches:
Dungeon (4/15)
 Temple: D:4-7

Altars:
Dithmenos
Makhleb


Innate Abilities, Weirdness & Mutations

You can breathe blasts of noxious fumes.
Your lurid green scales are hard (AC +6).
Your body does not fit into most forms of armour.
Your system is resistant to poisons.
You are cold-blooded and may be slowed by cold attacks.


Message History

No target in view!
No target in view!
No target in view!
You see here a bat corpse.
Key pressed, stopping explore.
You see here a bat corpse.
Key pressed, stopping explore.
Key pressed, stopping explore.
No target in view!
Key pressed, stopping explore.
Key pressed, stopping explore.
Found a burning altar of Makhleb.
u - a dented crystal amulet
v - a scroll labeled XYAMIU PISCHYA Put on which piece of jewellery? (? for menu, Esc to quit)
You remove your +3 amulet of reflection.
u - an amulet of rage (around neck) Drop what? 22/52 slots (_ for help) (? for menu, Esc to quit)
Okay, then.
Are you sure you want to abandon this character and quit the game? (Confirm with "yes".)

........# #.# #.# #.
........####.#.#.#
#.
.............#.#.#
######.######.# # #
#.# .#.#.# #.# .#...
#.# ...
#.###.######.#.#
#..........@...#
...................#
################.###
#


There were no monsters in sight!

Vanquished Creatures
  An ogre (D:4)
  The ghost of namelastname112 the Ruffian, an amateur DrTm (D:4)
  5 scorpions (Ossuary)
  A human zombie (Ossuary)
  2 orc priests
  A big kobold zombie (Ossuary)
  3 mummies (Ossuary)
  4 scorpion zombies (Ossuary)
  2 adders
  3 worms
  3 dart slugs
  A giant gecko (D:2)
  8 orcs
  A gnoll zombie (Ossuary)
  5 hobgoblins
  A quokka (D:4)
  8 bats
  7 giant newts
  2 goblins (D:1)
  A hobgoblin zombie (Ossuary)
  3 kobolds
  A kobold zombie (Ossuary)
  An orc zombie (Ossuary)
  7 rats
72 creatures vanquished.

Vanquished Creatures (collateral kills)
  A scorpion (Ossuary)
  A human zombie (Ossuary)
  A hobgoblin zombie (Ossuary)
3 creatures vanquished.

Vanquished Creatures (others)
  2 scorpions (Ossuary)
  A goblin zombie (Ossuary)
  A hobgoblin zombie (Ossuary)
  3 orc zombies (Ossuary)
7 creatures vanquished.

Grand Total: 82 creatures vanquished

Notes
Turn   | Place    | Note
--------------------------------------------------------------
     0 | D:1      | namelastname112 the Draconian Transmuter began the quest for the Orb.
     0 | D:1      | Reached XP level 1. HP: 16/16 MP: 3/3
   271 | D:1      | Reached XP level 2. HP: 23/23 MP: 5/5
   284 | D:1      | Learned a level 2 spell: Sticks to Snakes
   668 | D:2      | Reached skill level 4 in Unarmed Combat
   680 | D:2      | Reached XP level 3. HP: 20/28 MP: 6/6
   685 | D:2      | Learned a level 3 spell: Spider Form
   802 | D:2      | You fall through a shaft for 2 floors!
   802 | D:4      | Found a sand-covered staircase.
   905 | Ossuary  | Entered an ossuary
   943 | Ossuary  | Noticed a scorpion
  1143 | Ossuary  | Reached XP level 4. HP: 26/35 MP: 7/7
  1330 | Ossuary  | Reached skill level 5 in Unarmed Combat
  1646 | Ossuary  | Reached XP level 5. HP: 20/40 MP: 5/8
  2152 | Ossuary  | Reached skill level 6 in Unarmed Combat
  2152 | Ossuary  | Reached XP level 6. HP: 39/47 MP: 4/9
  2968 | D:4      | Reached skill level 7 in Unarmed Combat
  2968 | D:4      | Your scales start taking on a lurid green colour.
  2968 | D:4      | Reached XP level 7. HP: 52/52 MP: 6/10
  2968 | D:4      | Gained mutation: Your system is resistant to poisons. [Green Draconian growth]
  3069 | D:4      | Found a shadowy altar of Dithmenos.
  3072 | D:4      | Noticed namelastname112's ghost (amateur DrTm)
  3095 | D:4      | Killed namelastname112's ghost
  3127 | D:4      | HP: 2/52 [orc priest/divine providence (13)]
  3763 | D:2      | Found a burning altar of Makhleb.
  3780 | D:2      | Quit the game

Vault maps used:
D:1:      evilmike_arrival_plus, serial_park_tiny_1
D:2:      lemuel_crystal_altar, kennysheep_flooded_box
D:3:      nicolae_overflow_crystal_walls, grunt_decor_fettered, hex_large,
          johnstein_pakellas_death_squad, uniq_iyjb, uniq_robin
D:4:      evilmike_ruin_ashenzari, enter_ossuary_1, first_bread, serial_shops,
          shop_fountains, nicolae_dithmenos_the_darkroom, uniq_grinder
Ossuary:  ossuary_minmay_scorpions

Skill      XL: |  1  2  3  4  5  6 |
---------------+-------------------+-----
Unarmed Combat | 4 5 6 7 |  7.6
Transmutations | 3 4 |  4.8
Fighting       | |  1.1
Dodging        | |  1.7
Spellcasting   | |  2.0

Action                   |  1- 3 |  4- 6 |  7- 9 || total
-------------------------+-------+-------+-------++-------
Melee: Unarmed           |   105 |   136 |    57 ||   298
       Tailslap          |    14 |    11 |     7 ||    32
       Punch             |     2 |     4 |     3 ||     9
       Headbutt          |       |     1 |       ||     1
 Cast: Sticks to Snakes  |       |    19 |     2 ||    21
       Spider Form       |       |     2 |       ||     2
       Beastly Appendage |       |     1 |       ||     1
 Abil: Breathe Noxious F |       |       |     2 ||     2
  Use: Potion            |       |     2 |     1 ||     3
 Stab: Distracted        |     1 |     2 |       ||     3
       Sleeping          |       |       |     4 ||     4
  Eat: Beef jerky        |       |     2 |       ||     2
       Bread ration      |       |     1 |       ||     1
       Chunk             |       |     1 |     3 ||     4
Armor: Skin              |    26 |    25 |     8 ||    59
Dodge: Dodged            |    66 |    55 |    24 ||   145
Block: Other             |       |       |     8 ||     8
